 Dungeon Crawl Stone Soup version 0.30-a0-737-gf23d94013f (webtiles) character file.

Game seed: 12948825475435561661

13 Gargoyl the Trooper (level 2, -4/20 HPs)
             Began as a Gargoyle Berserker on Feb 2, 2023.
             Was a Follower of Trog.
             Slain by Terence
             ... wielding a +0 flail
              (9 damage)
             ... on level 2 of the Dungeon.
             The game lasted 00:01:00 (840 turns).

Gargoyl the Trooper (Gargoyle Berserker)             Turns: 840, Time: 00:01:01

Health: -4/20      AC:  6    Str: 20    XL:     2   Next: 37%
Magic:  2/2        EV: 11    Int:  7    God:    Trog [*.....]
Gold:   42         SH:  0    Dex:  9    Spells: 1/1 levels left

rFire   . . .      SeeInvis .    a - +0 hand axe
rCold   . . .      Faith    .    (no shield)
rNeg    + . .      Spirit   .    b - +0 animal skin
rPois   ∞          Reflect  .    c - +0 helmet
rElec   +          Harm     .    (no cloak)
rCorr   .          Rampage  .    (no gloves)
Will    .....                    (no boots)
Stlth   +                        (no amulet)
HPRegen 0.23/turn                (no ring)
MPRegen 0.08/turn                (no ring)

@: on berserk cooldown
A: sickness immunity, AC +2, negative energy resistance 1, electricity
resistance, torment resistance 1, petrification resistance
a: Renounce Religion, Berserk


You were on level 2 of the Dungeon.
You worshipped Trog.
Trog was aware of your devotion.
You visited 1 branch of the dungeon, and saw 2 of its levels.

You collected 42 gold pieces.

Inventory:

Hand Weapons
 a - a +0 hand axe (weapon)
Armour
 b - a +0 animal skin (worn)
 c - a +0 helmet (worn)
Jewellery
 g - a ring of protection from cold
Scrolls
 d - a scroll of torment
Potions
 e - a potion of flight


   Skills:
 + Level 3.7 Fighting
 + Level 3.0 Axes
 + Level 2.2 Armour
 + Level 1.5 Dodging


You had one spell level left.
You didn't know any spells.
Your spell library was empty.

Dungeon Overview and Level Annotations

Branches:
Dungeon (2/15)

Altars:

Annotations:
D:2 Terence


Innate Abilities, Weirdness & Mutations

You are immune to sickness and miasma.
Your stone body is resilient. (AC +2)
You are immune to poison.
You resist negative energy. (rN+)
You are resistant to electric shocks. (rElec)
You are resistant to unholy torment.
You are immune to petrification.


Message History

A worm is nearby!
A worm is nearby!
A worm is nearby!
An endoplasm comes into view.
A goblin comes into view. It is wielding a +0 club.
A rat comes into view.
You hit the worm.
The worm is moderately wounded.
The worm misses you.
You hit the worm.
The worm is heavily wounded.
The worm bites you but does no damage.
You slash the worm!
The worm is almost dead.
The worm bites you!
You hit the worm.
The worm is almost dead.
The worm barely misses you. The worm bites you.
You hit the worm.
The worm is almost dead.
The worm bites you!
* * * LOW HITPOINT WARNING * * *
You're still recovering from your berserk rage.
Unknown command.
Okay, then.
You feel yourself speed up.
Things that are here:
a +0 dagger; a +0 sling; a goblin corpse A bat comes into view.
Found a scroll labelled TUEMEJIOSH.
You hit the bat.
You kill the bat!
Trog accepts your kill.
Terence the Incautious comes into view.
He is wielding a +0 flail.
Terence shouts!
A bat comes into view.
Terence says, "Rest in peace."
The bat attacks as you move away! The bat barely misses you.
Terence attacks as you move away! Terence hits you with a +0 flail!
You die...

#...## #.##..##.##
....####.##..##...
#.......>.?..##..#
.###...... .Jgr...#
....?.... #.###.##
#....# #####..?....
##...###r.)rg......
#.@b..w.J#######..#
##@..##### #.##
#..## #.. #.## ..#.
#.# ##.#. #.. #.#
#.# #.# #.#


You could see Terence, a worm, an endoplasm, a bat and a rat.

Vanquished Creatures
  An endoplasm (D:2)
  A goblin (D:2)
  A hobgoblin (D:2)
  2 kobolds (D:1)
  A quokka (D:2)
  2 bats
  4 frilled lizards (D:1)
  A rat (D:1)
13 creatures vanquished.

Vanquished Creatures (others)
  11 plants (D:1)
11 creatures vanquished.

Grand Total: 24 creatures vanquished

Notes
Turn   | Place    | Note
-------+----------+-------------------------------------------
     0 | D:1      | Gargoyl the Gargoyle Berserker began the quest for the Orb.
     0 | D:1      | Reached XP level 1. HP: 14/14 MP: 1/1
   524 | D:1      | Reached XP level 2. HP: 19/19 MP: 2/2
   836 | D:2      | Noticed Terence
   840 | D:2      | Slain by Terence

Illustrated notes

Levels and vault maps discovered:
D:1:      dpeg_arrival_central, layout_basic, minmay_misc_feat_tiny,
          minmay_lizard_king
D:2:      layout_loops_ring, ebering_ecumenical_altar_petrified,
          minmay_ruptured, uniq_jessica, uniq_terence

Skill      XL: |  1  2 |
---------------+-------+-----
Axes           | 3 |  3.0
Fighting       | |  3.7
Armour         | |  2.2
Dodging        | |  1.5

Action                     || total
---------------------------++-------
  Melee: Hand axe          ||    34
 Invoke: Berserk           ||     1
    Use: Scroll            ||     5
   Stab: Sleeping          ||     1
 Armour: Animal skin       ||    14
  Dodge: Dodged            ||    14

Table legend: (Time is in decaauts)
 A = Elapsed time spent in this place.
 B = Non-inter-level travel time spent in this place.
 C = Inter-level travel time spent in this place.
 D = Time resting spent in this place.
 E = Time spent auto-exploring this place.
 F = Levels seen in this place.
 G = Mean time per level.
                   A        B        C        D        E       F      G
               +--------+--------+--------+--------+--------+-----+--------+
         Total |    854 |    834 |     20 |      0 |    673 |   2 |  427.0 |
       Dungeon |    854 |    834 |     20 |      0 |    673 |   2 |  427.0 |
               +--------+--------+--------+--------+--------+-----+--------+

Top non-repeatable levels by time:
     D:1: 723 daAuts
     D:2: 130 daAuts
